AoeStats
← Iguano Pop

Arena

508589302Analyzed
2v2 RM · 10d ago on Sep 23, 2026· 43m 11s· 4 players
Game mode
Random Map
Map size
Medium (4 player)
Population
200
Speed
Normal
Resources
Standard
Victory
Conquest
Starting age
Dark Age
Ending age
Imperial Age
RankedLock teamsTeams togetherTeam positionsShared explorationLock speedFull tech treeHidden civsTurbo modeCheats
Victory
Defeat
🇲🇽 Maya · Mexico
1293
+16
🇲🇽 Vikings · Mexico
1293
+16
🇲🇽 Goths · Mexico
1316
-17
🇲🇽 Saracens · Mexico
1277
-15
Torrijos_117
0:26 Loom
9:27 Feudal Age
11:28 Man-at-Arms
17:27 Castle Age
16:54 Fletching
20:21 Bodkin Arrow
20:40 Crossbowman
27:32 Gold Mining
28:17 Ballistics
31:32 Padded Archer Armor
31:41 Thumb Ring
41:32 Imperial Age
42:49 Bracer
joseja.0550
9:54 Feudal Age
14:46 Castle Age
13:41 Double-Bit Axe
13:37 Horse Collar
15:43 Bow Saw
15:34 Heavy Plow
21:17 Gold Mining
23:25 Gold Shaft Mining
27:24 Imperial Age
25:43 Scale Barding Armor
25:41 Scale Mail Armor
25:51 Forging
26:31 Man-at-Arms
27:11 Squires
26:57 Arson
27:44 Chain Mail Armor
28:04 Iron Casting
27:18 Long Swordsman
27:32 Capped Ram
28:06 Two-Handed Swordsman
29:01 Champion
30:53 Plate Mail Armor
36:06 Siege Ram
37:54 Blast Furnace
41:37 Conscription
41:19 Bogsveigar
41:57 Hoardings
Lobo_Azul
10:55 Feudal Age
12:22 Loom
15:25 Castle Age
13:41 Double-Bit Axe
16:27 Bow Saw
17:23 Town Watch
21:30 Horse Collar
25:13 Wheelbarrow
25:12 Fletching
30:18 Imperial Age
28:25 Padded Archer Armor
28:36 Forging
29:22 Hand Cart
29:04 Gold Mining
29:52 Squires
30:07 Anarchy
30:42 Heavy Plow
31:23 Conscription
31:06 Scale Mail Armor
32:14 Chain Mail Armor
32:03 Perfusion
33:17 Two-Man Saw
33:31 Iron Casting
32:48 Man-at-Arms
33:05 Long Swordsman
35:26 Blast Furnace
34:53 Leather Archer Armor
35:53 Chemistry
35:14 Ballistics
36:08 Crop Rotation
36:01 Two-Handed Swordsman
36:47 Champion
38:58 Pikeman
42:17 Ring Archer Armor
Iguano Pop
7:21 Loom
11:52 Feudal Age
15:35 Castle Age
14:31 Fletching
20:25 Double-Bit Axe
23:55 Town Watch
27:18 Wheelbarrow
27:28 Padded Archer Armor
32:35 Imperial Age
30:22 Hand Cart
30:30 Bodkin Arrow
30:26 Horse Collar
31:53 Forging
37:10 Crossbowman
38:18 Arbalester
40:02 Thumb Ring
Connection lost

Rejoining the realm…

Still unreachable

The connection could not be restored.

Session expired

The server has moved on; the page needs a fresh start.